 Dungeon Crawl Stone Soup version 0.28-a0-793-g31680bbd8b (webtiles) character file.

Game seed: 11987842905183998622

615 bande the Chopper (level 7, -2/44 HPs)
             Began as a Gargoyle Fighter on Nov 3, 2021.
             Slain by a gnoll (8 damage)
             ... on level 4 of the Dungeon.
             The game lasted 00:05:38 (3915 turns).

bande the Chopper (Gargoyle Fighter)                Turns: 3915, Time: 00:05:39

Health: -2/44      AC: 22    Str: 20    XL:     7   Next: 45%
Magic:  7/7        EV:  6    Int:  9    God:
Gold:   118        SH:  4    Dex: 10    Spells: 6/6 levels left

rFire   . . .      SeeInvis .   a - +1 war axe
rCold   . . .      Faith    .   c - +0 buckler
rNeg    + . .      Spirit   .   m - +0 plate armour
rPois   ∞          Reflect  .   (no helmet)
rElec   +          Harm     .   (no cloak)
rCorr   .          Rampage  .   (no gloves)
Will    .....                   g - +0 pair of boots
Stlth   ..........              (no amulet)
HPRegen 0.14/turn               p - +4 ring of protection
MPRegen 0.10/turn               (no ring)

@: no status effects
A: sickness immunity, AC +4, negative energy resistance 1, electricity
resistance, torment resistance 1, petrification resistance
a: no special abilities


You were on level 4 of the Dungeon.
You visited 1 branch of the dungeon, and saw 4 of its levels.

You collected 118 gold pieces.

Inventory:

Hand Weapons
 a - a +1 war axe (weapon)
Armour
 c - a +0 buckler (worn)
 g - a +0 pair of boots (worn)
 m - a +0 plate armour (worn)
Jewellery
 p - a +4 ring of protection (left hand)
Scrolls
 j - 2 scrolls of enchant weapon
 n - 3 scrolls of teleportation
Potions
 b - a potion of cancellation
 d - 2 potions of might
 e - a potion of curing
 f - a potion of attraction {unknown}
 h - 3 potions of flight
 i - a potion of heal wounds {unknown}
 k - a potion of brilliance {unknown}
 o - a potion of ambrosia {unknown}
 q - a potion of invisibility {unknown}


   Skills:
 + Level 4.4 Fighting
 + Level 5.5 Axes
 + Level 5.1 Armour
 + Level 0.1 Stealth
 + Level 4.2 Shields


You had 6 spell levels left.
You didn't know any spells.
Your spell library contained the following spells:

 Spells                   Type           Power      Damage    Failure   Level
 Magic Dart               Conj           0%         1d3       100%        1
 Call Imp                 Summ           0%         N/A       100%        2
 Frozen Ramparts          Ice            0%         1d2       100%        3
 Mephitic Cloud           Conj/Pois/Air  0%         N/A       100%        3
 Ice Form                 Ice/Tmut       0%         N/A       100%        4
 Summon Ice Beast         Ice/Summ       0%         N/A       100%        4


Dungeon Overview and Level Annotations

Branches:
Dungeon (4/15)
 Temple: D:4-7

Altars:
Makhleb


Innate Abilities, Weirdness & Mutations

You are immune to sickness and miasma.
Your stone body is resilient. (AC +4)
You are immune to poison.
You resist negative energy. (rN+)
You are resistant to electric shocks. (rElec)
You are resistant to unholy torment.
You are immune to petrification.


Message History

The gnoll hits you with a +0 club. The gnoll hits you but does no damage.
You hit the gnoll but do no damage.
The gnoll is severely wounded.
The gnoll hits you but does no damage.
You hit the gnoll.
The gnoll is almost dead.
The gnoll hits you but does no damage.
You closely miss the gnoll.
The gnoll is severely wounded.
The gnoll hits you but does no damage.
You completely miss the gnoll.
The gnoll is severely wounded.
The gnoll hits you with a +0 club. The gnoll hits you but does no damage.
You hit the gnoll but do no damage.
The gnoll is severely wounded.
The gnoll barely misses you.
You barely miss the gnoll.
The gnoll is severely wounded.
The gnoll barely misses you.
You hit the gnoll.
You kill the gnoll!
No target in view!
No target in view!
No target in view!
No target in view!
You climb downwards.
The hobgoblin shouts!
The gnoll throws a throwing net.
You block the throwing net.
There is a stone staircase leading up here.
You see here a throwing net.
The gnoll throws a throwing net.
You block the throwing net.
The gnoll hits you from afar with a +1 halberd of distortion.
Space warps horribly around you! The gnoll hits you but does no damage.
Space warps horribly around you!
* * * LOW HITPOINT WARNING * * *
The gnoll hits you but does no damage.
The gnoll hits you from afar with a +1 halberd of distortion.
* * * LOW HITPOINT WARNING * * *
Space warps horribly around you!
You die...

## #####....
..##........
..#....... ........
# #....###
#.)####....#.######
...>.......#......#
#......†.g@..#
####.#..g.#..#
.....gg.....#
J...#......##...
.........$.........
.....J#...######...
.....####.# .## ...
#.. #


You could see 3 gnolls, an endoplasm and a hobgoblin.

Vanquished Creatures
  Grinder (D:3)
  Sigmund (D:3)
  A bullfrog (D:3)
  A hound (D:2)
  2 gnolls (D:3)
  8 adders
  2 worms
  2 dart slugs
  4 orcs (D:3)
  11 ball pythons
  11 bats
  5 endoplasms
  3 giant cockroaches
  A hobgoblin (D:1)
  5 jackals
  6 kobolds
  2 quokkas
  2 frilled lizards
  3 goblins
  9 rats
80 creatures vanquished.

Notes
Turn   | Place    | Note
-------+----------+-------------------------------------------
     0 | D:1      | bande the Gargoyle Fighter began the quest for the Orb.
     0 | D:1      | Reached XP level 1. HP: 14/14 MP: 1/1
   283 | D:1      | Reached XP level 2. HP: 15/19 MP: 2/2
   409 | D:1      | You fall into a shaft and drop 1 floor!
   850 | D:1      | Reached XP level 3. HP: 23/23 MP: 3/3
  1356 | D:2      | Reached XP level 4. HP: 24/29 MP: 4/4
  1853 | D:2      | Reached XP level 5. HP: 30/33 MP: 5/5
  2131 | D:3      | Found a burning altar of Makhleb.
  2309 | D:3      | Found a faded altar of an unknown god.
  2339 | D:3      | Reached XP level 6. HP: 26/38 MP: 6/6
  2850 | D:3      | Noticed Sigmund
  2875 | D:3      | Killed Sigmund
  3137 | D:3      | Noticed Grinder
  3153 | D:3      | Paralysed by Grinder for 4 turns
  3161 | D:3      | Killed Grinder
  3162 | D:3      | Reached skill level 5 in Axes
  3162 | D:3      | Reached skill level 5 in Armour
  3162 | D:3      | Reached XP level 7. HP: 11/44 MP: 7/7
  3915 | D:4      | Slain by a gnoll

Illustrated notes

Levels and vault maps discovered:
D:1:      dpeg_arrival_yet_another_circle, layout_loops_ring
D:2:      layout_loops_corners, corexii_hall_statues_l, minmay_snake_closets
D:3:      layout_loops_ring, mainiacjoe_overflow_catwalk,
          ebering_ecumenical_altar_abandoned, dk_noncrumbling_4,
          minmay_misc_feat_square, minmay_cut_off, uniq_sigmund, uniq_grinder
D:4:      layout_rooms, minmay_temple_entry_purple_smoke,
          amcnicky_mini_pool_small, uniq_edmund

Skill      XL: |  1  2  3  4  5  6 |
---------------+-------------------+-----
Axes           | 2 3 4 5 |  5.5
Armour         | 4 5 |  5.1
Fighting       | 4 |  4.4
Shields        | 4 |  4.2
Stealth        | |  0.1

Action                   |  1- 3 |  4- 6 |  7- 9 || total
-------------------------+-------+-------+-------++-------
Melee: War axe           |   106 |   171 |    32 ||   309
  Use: Scroll            |     4 |     4 |     1 ||     9
Armor: Scale mail        |    38 |       |       ||    38
       Plate armour      |    47 |   128 |    36 ||   211
Dodge: Dodged            |    47 |    55 |    21 ||   123
Block: Buckler           |    26 |    39 |    10 ||    75

Table legend: (Time is in decaauts)
 A = Elapsed time spent in this place.
 B = Non-inter-level travel time spent in this place.
 C = Inter-level travel time spent in this place.
 D = Time resting spent in this place.
 E = Time spent auto-exploring this place.
 F = Levels seen in this place.
 G = Mean time per level.
                   A        B        C        D        E       F      G
               +--------+--------+--------+--------+--------+-----+--------+
         Total |   4021 |   3906 |    115 |    857 |   2219 |   4 | 1005.2 |
       Dungeon |   4021 |   3906 |    115 |    857 |   2219 |   4 | 1005.2 |
               +--------+--------+--------+--------+--------+-----+--------+

Top non-repeatable levels by time:
     D:3: 1844 daAuts
     D:2: 1272 daAuts
     D:1: 883 daAuts
     D:4: 21 daAuts
